 Dungeon Crawl Stone Soup version 0.32-a0-630-g46d191b0ed (webtiles) character file.

Game seed: 18145777484778972042

781 Dittersdorf the Covered (level 7, 0/45 HPs)
             Began as a Gargoyle Fighter on Mar 6, 2024.
             Incinerated by a bombardier beetle (4 damage)
             ... with a burning spray
             ... on level 4 of the Dungeon.
             The game lasted 00:03:49 (3482 turns).

Dittersdorf the Covered (Gargoyle Fighter)          Turns: 3482, Time: 00:03:50

Health: 0/45       AC: 22    Str: 21    XL:     7   Next: 85%
Magic:  7/7        EV:  9    Int:  9    God:
Gold:   248        SH:  5    Dex:  9    Spells: 6/6 levels left

rFire   . . .        a - +0 flail
rCold   . . .        c - +0 buckler
rNeg    + . .        b - +0 scale mail
rPois   ∞            m - +0 helmet
rElec   +            s - +0 cloak
rCorr   .            (no gloves)
SInv    .            q - +2 pair of boots
Will    .....        p - amulet of regeneration Stlth
                     f - +4 ring of protection
HPRegen 1.07/turn    (no ring)
MPRegen 0.10/turn

%: no passive effects
@: on fire, glowing
A: sickness immunity, AC +4, negative energy resistance 1, electricity
resistance, torment resistance 1, petrification resistance
a: no special abilities


You were on level 4 of the Dungeon.
You visited 2 branches of the dungeon, and saw 6 of its levels.

You collected 248 gold pieces.

Inventory:

Hand Weapons
 a - a +0 flail (weapon)
Missiles
 x - a throwing net
Armour
 b - a +0 scale mail (worn)
 c - a +0 buckler (worn)
 m - a +0 helmet (worn)
 q - a +2 pair of boots (worn)
 s - a +0 cloak (worn)
Jewellery
 f - a +4 ring of protection (left hand)
 p - an amulet of regeneration (around neck)
Wands
 w - a wand of flame (22) (quivered)
Scrolls
 e - 2 scrolls of immolation {unknown}
 i - 2 scrolls of enchant armour {unknown}
 k - 2 scrolls of fear {unknown}
 o - a scroll of enchant weapon {unknown}
 t - a scroll of poison {unknown}
Potions
 d - a potion of might
 g - a potion of brilliance {unknown}
 h - a potion of cancellation {unknown}
 j - 3 potions of attraction {unknown}
 l - a potion of haste
 n - 2 potions of curing
 r - a potion of heal wounds
 u - a potion of berserk rage {unknown}
 v - a potion of ambrosia


   Skills:
 + Level 5.6 Fighting
 + Level 4.5 Maces & Flails
 + Level 5.7 Armour
 + Level 5.6 Shields


You had 6 spell levels left.
You didn't know any spells.
Your spell library contained the following spells:

 Spells                   Type           Power      Damage    Failure   Level
 Animate Armour           Summ/Erth      0%         N/A       100%        4
 Summon Lightning Spire   Summ/Air       0%         N/A       100%        4
 Lee's Rapid Deconstruct  Erth           0%         3d4*      100%        5


Dungeon Overview and Level Annotations

Branches:
Dungeon (5/15)             Temple (1/1) D:4

Altars:
Ashenzari
Cheibriados
Dithmenos
Fedhas
Hepliaklqana
Kikubaaqudgha
Makhleb
Nemelex Xobeh
Okawaru
Qazlal
Ru
Trog
Uskayaw
Vehumet
Wu Jian
Xom
Yredelemnul
Zin


Innate Abilities, Weirdness & Mutations

You are immune to sickness and miasma.
Your stone body is resilient. (AC +4)
You are immune to poison.
You resist negative energy. (rN+)
You are resistant to electric shocks. (rElec)
You are resistant to unholy torment.
You are immune to petrification.


Message History

You are too injured to fight recklessly!
You are too injured to fight recklessly!
You are too injured to fight recklessly!
You are too injured to fight recklessly!
You are too injured to fight recklessly!
You are too injured to fight recklessly!
You are too injured to fight recklessly!
You are too injured to fight recklessly!
You are too injured to fight recklessly!
You are too injured to fight recklessly!
You are too injured to fight recklessly!
You are too injured to fight recklessly!
You are too injured to fight recklessly!
You are too injured to fight recklessly!
You are too injured to fight recklessly!
You are too injured to fight recklessly!
You are too injured to fight recklessly!
You hit the ogre.
The ogre is moderately wounded.
The liquid fire burns you!
* * * LOW HITPOINT WARNING * * *
The hound closely misses you. You block the hound's attack.
The ogre hits you with a +0 giant club.
* * * LOW HITPOINT WARNING * * *
You sock the ogre!
The ogre is severely wounded.
The liquid fire burns you!
* * * LOW HITPOINT WARNING * * *
The hound pauses to sniff the ground.
The hound barely misses you. x2
You hit the ogre.
The ogre is almost dead.
The liquid fire burns you!
* * * LOW HITPOINT WARNING * * *
The hound closely misses you. The ogre barely misses you.
The hound bites you but does no damage.
You barely miss the ogre.
The ogre is almost dead.
The liquid fire burns you!
You die...

#....#.........#....#
####..###..##...##....# #
#...#####..#######....# ##
##..............'.....# #.
#..............##...#######
#........>.....##...##...##
#.<......................##
#..........O.............##
#.........@h)..............
########...###..##.####.####...#.
.##........###..##.####.####...#.
.............#.................#.
.............+...................
.............#..................#
.....##.....#########............
.....###########...##............
....................#...##.......


You could see an ogre and a hound.

Vanquished Creatures
  Grinder (D:3)
  A water moccasin (D:4)
  An ice beast (D:4)
  A howler monkey (D:4)
  A jelly (D:4)
  A hound (D:4)
  A gnoll bouda (D:4)
  An orc priest (D:3)
  Natasha (thrice) (D:2)
  Robin (D:1)
  3 gnolls (D:4)
  5 adders
  A ribbon worm (D:2)
  8 orcs (D:3)
  3 ball pythons
  4 endoplasms
  4 giant cockroaches
  6 goblins
  11 hobgoblins
  4 jackals (D:4)
  A quokka (D:2)
  5 bats
  2 frilled lizards
  9 kobolds
  3 rats
81 creatures vanquished.

Notes
Turn   | Place    | Note
-------+----------+-------------------------------------------
     0 | D:1      | Dittersdorf the Gargoyle Fighter began the quest for the
                  | Orb.
     0 | D:1      | Reached XP level 1. HP: 14/14 MP: 1/1
    80 | D:1      | Reached XP level 2. HP: 19/19 MP: 2/2
   604 | D:2      | Reached XP level 3. HP: 20/23 MP: 3/3
   643 | D:2      | Noticed Natasha
   651 | D:2      | Noticed Robin
   652 | D:2      | Killed Natasha
   752 | D:1      | Reached XP level 4. HP: 29/29 MP: 4/4
   778 | D:1      | Killed Robin
  1021 | D:2      | Noticed Natasha
  1029 | D:2      | Killed Natasha
  1051 | D:2      | Noticed Natasha
  1057 | D:2      | Killed Natasha
  1058 | D:2      | Reached XP level 5. HP: 21/33 MP: 5/5
  2052 | D:3      | Identified the ring of the Duchess {*Slow rElec rCorr
                  | Slay+4}
  2172 | D:3      | Noticed Grinder
  2222 | D:3      | Killed Grinder
  2223 | D:3      | Reached XP level 6. HP: 17/40 MP: 6/6
  2527 | D:3      | Reached skill level 5 in Armour
  2794 | D:4      | Found a staircase to the Ecumenical Temple.
  2803 | Temple   | Entered the Ecumenical Temple
  2908 | D:4      | Reached skill level 5 in Shields
  2993 | D:4      | Reached skill level 5 in Fighting
  3028 | D:4      | Reached XP level 7. HP: 32/44 MP: 7/7
  3320 | D:5      | Entered Level 5 of the Dungeon
  3481 | D:4      | HP: 2/45 [burnt (3)]
  3482 | D:4      | Incinerated by a bombardier beetle

Illustrated notes

Levels and vault maps discovered:
D:1:      dpeg_arrival_shelter, layout_rooms, palyth_stone_intersect
D:2:      layout_loops_ring, grunt_ministairs_13, uniq_natasha, uniq_robin
D:3:      layout_loops_ring, nicolae_elevator_lobby_plus, uniq_grinder
D:4:      layout_gridville, minmay_temple_entry_mini_moons, item_on_display_a
D:5:      layout_cave_pools, kennysheep_windowed_goal, uniq_blork_the_orc,
          uniq_crazy_yiuf_cottage
Temple:   hc_temple_tempest_star

Skill      XL: |  1  2  3  4  5  6  7 |
---------------+----------------------+-----
Armour         | 4 5 |  5.7
Fighting       | 4 5 |  5.6
Shields        | 4 5 |  5.6
Maces & Flails | 3 4 |  4.5

Action                     |  1- 3 |  4- 6 |  7- 9 || total
---------------------------+-------+-------+-------++-------
  Melee: Flail             |    82 |   190 |    68 ||   340
    Use: Scroll            |       |     5 |       ||     5
 Armour: Scale mail        |   102 |   206 |    77 ||   385
  Dodge: Dodged            |    62 |   126 |    47 ||   235
  Block: Buckler           |    29 |    51 |    26 ||   106

Table legend: (Time is in decaauts)
 A = Elapsed time spent in this place.
 B = Non-inter-level travel time spent in this place.
 C = Inter-level travel time spent in this place.
 D = Time resting spent in this place.
 E = Time spent auto-exploring this place.
 F = Levels seen in this place.
 G = Mean time per level.
                   A        B        C        D        E       F      G
               +--------+--------+--------+--------+--------+-----+--------+
         Total |   3587 |   3474 |    113 |    260 |   2385 |   6 |  597.8 |
       Dungeon |   3585 |   3472 |    113 |    260 |   2385 |   5 |  717.0 |
        Temple |      1 |      1 |      0 |      0 |      0 |   1 |    1.0 |
               +--------+--------+--------+--------+--------+-----+--------+

Top non-repeatable levels by time:
     D:2: 1221 daAuts
     D:3: 840 daAuts
     D:1: 800 daAuts
     D:4: 710 daAuts
     D:5: 13 daAuts
  Temple: 1 daAuts
